AoeStats
← [KMNB] Bandeira

Pilgrims

508649348Analyzed
2v2 RM · 9d ago on Sep 23, 2026· 20m 47s· 4 players
Game mode
Random Map
Map size
Medium (4 player)
Population
200
Speed
Normal
Resources
Standard
Victory
Conquest
Starting age
Dark Age
Ending age
Imperial Age
RankedLock teamsTeams togetherTeam positionsShared explorationLock speedFull tech treeHidden civsTurbo modeCheats
Victory
Defeat
🇳🇱 Varangians · Netherlands
1623
+14
🇦🇷 Danes · Argentina
1588
+16
🇧🇷 Varangians · Brazil
1602
-16
🇧🇷 Magyars · Brazil
1567
-14
[KMNB] Bandeira
4:35 Loom
12:32 Feudal Age
12:37 Man-at-Arms
Fs.Khronos
3:22 Loom
10:13 Feudal Age
10:50 Double-Bit Axe
13:31 Fletching
21:14 Castle Age
Chipmunk
7:42 Loom
10:48 Feudal Age
15:02 Castle Age
13:46 Scale Mail Armor
13:56 Forging
13:44 Fishing Lines
15:24 Double-Bit Axe
17:25 Gillnets
20:03 Squires
Pl0tterGhost
9:23 Feudal Age
7:39 Loom
12:00 Fletching
13:32 Double-Bit Axe
16:37 Gold Mining
21:02 Horse Collar
Connection lost

Rejoining the realm…

Still unreachable

The connection could not be restored.

Session expired

The server has moved on; the page needs a fresh start.